 Dungeon Crawl Stone Soup version 0.30.0 (webtiles) character file.

Game seed: 11084312546900210961

1 browni3141 the Sneak (level 1, -2/19 HPs)
             Began as an Armataur Delver on May 6, 2023.
             Was an Initiate of Okawaru.
             Slain by a mummy (8 damage)
             ... on level 6 of the Dungeon.
             The game lasted 00:01:56 (233 turns).

browni3141 the Sneak (Armataur Delver)               Turns: 233, Time: 00:01:56

Health: -2/19      AC:  4    Str: 15 (17) XL:     1   Next: 16%
Magic:  1/1        EV:  9    Int:  4 (10) God:    Okawaru [......]
Gold:   0          SH:  0    Dex:  7 (11) Spells: 0/0 levels left

rFire   . . .        a - +0 short sword
rCold   . . .        (no shield)
rNeg    . . .        b - +0 leather armour
rPois   .            (no helmet)
rElec   .            (no cloak)
rCorr   .            (no gloves)
SInv    .            (no barding)
Will    .....        (no amulet)
Stlth   ++           (no ring)
HPRegen 0.23/turn    (no ring)
MPRegen 0.07/turn

%: roll
@: no status effects
A: large, rugged brown scales 3, deformed body, armoured tail, roll, long
tongue, awkward tongue
a: Renounce Religion


You were on level 6 of the Dungeon.
You worshipped Okawaru.
Okawaru was noncommittal.
You visited 2 branches of the dungeon, and saw 3 of its levels.
You also visited: Ossuary.

Inventory:

Hand Weapons
 a - a +0 short sword (weapon)
Armour
 b - a +0 leather armour (worn)
Jewellery
 G - a ring of willpower
Wands
 g - a wand of digging (3)
 p - a wand of polymorph (12)
Scrolls
 d - a scroll of magic mapping
 F - a scroll of fog


   Skills:
 + Level 2.8 Fighting
 - Level 1.7 Short Blades
 - Level 1.3 Dodging
 - Level 5.4 Stealth


You couldn't memorise any spells.
You didn't know any spells.
Your spell library was empty.

Dungeon Overview and Level Annotations

Branches:
Dungeon (6/15)             Temple (1/1) D:5         Ossuary (visited)

Altars:
Elyvilon
Fedhas
Gozag
Kikubaaqudgha
Makhleb
Nemelex Xobeh
Okawaru
Ru
Sif Muna
Trog
Uskayaw
Wu Jian
Xom
Yredelemnul
Zin
The Shining One


Innate Abilities, Weirdness & Mutations

You are completely covered in rugged brown scales. (AC +3, +7% HP)
Armour fits poorly on your strangely shaped body.
You have a long armoured tail.
You roll when moving toward enemies. (Rampage)
Your long tongue fully drains potion bottles. (2x potion effects)
Your tongue gives you trouble enunciating. (1.5x scroll delay)


Message History

You hit the jackal.
Your tail-slap misses the jackal.
The jackal is moderately wounded.
The jackal bites you but does no damage.
There is a stone staircase leading down here.
You barely miss the jackal.
The jackal is lightly wounded.
The jackal bites you but does no damage.
The jackal barely misses you.
You climb downwards.
You hear the hiss of flowing sand.
There is an entrance to an ossuary on this level.
Hurry and find it before the portal is buried!
There is a stone staircase leading up here.
You hit the jackal.
The jackal is severely wounded.
The jackal bites you but does no damage.
You closely miss the jackal.
Your tail-slap misses the jackal.
The jackal is severely wounded.
You barely miss the jackal.
The jackal is severely wounded.
The jackal closely misses you.
You barely miss the jackal.
The jackal is severely wounded.
The jackal bites you but does no damage.
You hit the jackal.
You kill the jackal!
Okawaru accepts your kill.
Training target 2.0 for Stealth reached!
An iguana comes into view.
An ice beast comes into view.
A shadow comes into view.
Found an escape hatch in the ceiling.
The iguana hisses angrily.
An adder comes into view.
You see here a wand of polymorph (12).
p - a wand of polymorph (12)
Your extra speed is starting to run out.
The adder hisses angrily.
An orc comes into view. It is wielding a +0 falchion.
An orc wizard comes into view. It is wielding a +0 dagger.
You feel yourself slow down.
An orc comes into view. It is wielding a +0 mace.
The shadow slips into darkness.
The shadow flickers and vanishes!
Deactivating autopickup; reactivate with Ctrl-A.
An orc comes into view. It is wielding a +0 hand axe.
A scorpion and an orc come into view.
The orc shouts!
The orc wizard hits you but does no damage.
The orc misses you. The orc wizard closely misses you.
You roll towards the orc!
The orc shouts!
You hit the orc but do no damage. The orc barely misses you.
The orc hits you with a +0 mace. The adder attacks as you move away!
The adder barely misses you. The orc barely misses you.
The adder closely misses you.
Found a stone staircase leading down.
The orc attacks as you move away! The orc hits you but does no damage.
The orc hits you with a +0 hand axe.
* * * LOW HITPOINT WARNING * * *
The orc attacks as you move away! The orc barely misses you.
The orc attacks as you move away! The orc hits you with a +0 hand axe.
* * * LOW HITPOINT WARNING * * *
The orc wizard gestures wildly while chanting.
The orc wizard flickers and vanishes!
The orc attacks as you move away! The orc misses you.
Found a sand-covered staircase.
The orc attacks as you move away! The orc barely misses you.
Okay, then.
It was a potion of degeneration.
There was something very wrong with that liquid.
You feel weakened.
You feel dopey.
You feel clumsy.
You slurp down every last drop of the potion of degeneration!
The orc hits you but does no damage.
The orc shouts!
The orc attacks as you move away! The orc barely misses you.
A quokka zombie and a goblin zombie come into view.
There is a sand-covered staircase here.
The orc closely misses you.
The world spins around you as you enter the gateway.
You enter an ossuary!
Reactivating autopickup.
Found a gate leading back out of this place.
There is an empty arch of ancient stone here.
You start resting.
A mummy comes into view. 2 mummies come into view.
A centaur zombie comes into view.
The mummy moves out of view.
There is a gate leading back out of this place here.
Okay, then.
Okay, then.
A bullfrog zombie comes into view.
The quokka zombie bites you.
* * * LOW HITPOINT WARNING * * *
The orc curses loudly.
The orc hits you but does no damage. x2
There is a collapsed entrance here.
An adder comes into view.
The adder completely misses you. The mummy hits you!
You die...

.o#.................
...#...#....<.......
..#...#...#.##............
.........................##
.......#................##
........................#
#......######............ .
#.....#....#..........##
..#..[..###@o#.####...###
.........sSM.#l.# ...#
#......o###oZ#..##...##
###.....#Z...#......##
#.....######.......#
##.....o..l....#...#
#....#....{...#..##
#.............# .#
.....##.##......)...


You could see a mummy, a scorpion, an adder, 3 orcs and a quokka zombie.

Vanquished Creatures
  A jackal (D:6)
1 creature vanquished.

Vanquished Creatures (others)
  A withered plant (Ossuary)
1 creature vanquished.

Grand Total: 2 creatures vanquished

Notes
Turn   | Place    | Note
-------+----------+-------------------------------------------
     0 | D:5      | browni3141 the Armataur Delver began the quest for the Orb.
     0 | D:5      | Reached XP level 1. HP: 19/19 MP: 1/1
    17 | D:5      | Found a staircase to the Ecumenical Temple.
    28 | Temple   | Entered the Ecumenical Temple
    92 | Temple   | Became a worshipper of Warmaster Okawaru
   122 | D:5      | Noticed a scorpion
   172 | D:6      | Noticed an iguana
   174 | D:6      | Noticed an ice beast
   175 | D:6      | Noticed a shadow
   189 | D:6      | Noticed an orc wizard
   193 | D:6      | Noticed a scorpion
   205 | D:6      | Found a sand-covered staircase.
   213 | Ossuary  | Entered an ossuary
   233 | D:6      | Slain by a mummy

Illustrated notes

Levels and vault maps discovered:
D:5:      layout_basic, minmay_temple_entry_hall, gammafunk_ghost_smash,
          kennysheep_generic_room_9, uniq_sigmund
D:6:      cheibrodos_fzero, layout_cave_pools, enter_ossuary_4
Temple:   nicolae_temple_x_marks_the_god

Action                     || total
---------------------------++-------
  Melee: Short sword       ||    12
    Use: Potion            ||     2
         Scroll            ||     1
 Armour: Leather armour    ||    12
  Dodge: Dodged            ||    18
